 Dungeon Crawl Stone Soup version 0.24.0-1-gfbc8707 (webtiles) character file.

Game seed: 17884968397000017301, levelgen mode: deterministic

3474 Charmandara the Jinx (level 9, 0/39 HPs)
             Began as a Spriggan Fire Elementalist on Nov 6, 2019.
             Was a Priest of Vehumet.
             Slain by a hound (3 damage)
             ... on level 9 of the Dungeon.
             The game lasted 00:27:02 (9670 turns).

Charmandara the Jinx (Spriggan Fire Elementalist)   Turns: 9670, Time: 00:27:03

Health: 0/39       AC:  2    Str:  5 (6)  XL:     9   Next: 79%
Magic:  17/23      EV: 24    Int: 15 (17) God:    Vehumet [***...]
Gold:   419        SH:  0    Dex: 17      Spells: 2/26 levels left

rFire    . . .     SeeInvis +   r - +5 dagger (venom)
rCold    . . .     Gourm    .   (shield restricted)
rNeg     + . .     Faith    .   a - +0 robe
rPois    .         Spirit   .   (helmet restricted)
rElec    .         Reflect  .   (no cloak)
rCorr    .         Harm     .   (gloves unavailable)
MR       +....                  (boots unavailable)
Stlth    ++........             (no amulet)
HPRegen  0.13/turn              l - +6 ring of evasion
MPRegen  0.18/turn              w - ring of positive energy {rN+}

@: lethally poisoned (0 -> -3), very quick
A: very small, unfitting armour, see invisible, herbivore, speed 3, slow
metabolism 2
a: Renounce Religion


You were on level 9 of the Dungeon.
You worshipped Vehumet.
Vehumet was most pleased with you.
You were not hungry.

You visited 2 branches of the dungeon, and saw 10 of its levels.
You also visited: Ossuary.

You collected 419 gold pieces.

Inventory:

Hand Weapons
 r - a +5 dagger of venom (weapon)
   (You took it off an orc on level 5 of the Dungeon)
 u - a +2 short sword of speed
   (You found it on level 7 of the Dungeon)
Missiles
 z - 2 throwing nets {=f, !d}
Armour
 a - a +0 robe (worn)
 m - +2 shadow dragon scales
   (You found it on level 2 of the Dungeon)
Jewellery
 l - a +6 ring of evasion (left hand)
   (You found it on level 2 of the Dungeon)
 w - a ring of positive energy (right hand) {rN+}
   (You found it on level 8 of the Dungeon)
Wands
 e - a wand of iceblast (9)
   (You found it on level 7 of the Dungeon)
 q - a wand of disintegration (2)
   (You found it on level 7 of the Dungeon)
 x - a wand of digging (5)
   (You found it on level 8 of the Dungeon)
Scrolls
 d - 5 scrolls of teleportation
 f - 5 scrolls of remove curse
 g - 3 scrolls of amnesia
 n - 2 scrolls of fog
 s - a scroll of blinking {!r}
Potions
 h - a potion of brilliance
 i - 2 potions of heal wounds
 j - 5 potions of lignification {!q}
 k - 4 potions of flight
 o - 4 potions of curing
 t - a potion of degeneration {!q}
Comestibles
 c - 2 rations


   Skills:
 - Level 3.0 Dodging
 - Level 3.0 Stealth
 - Level 9.2 Spellcasting
 - Level 5.3 Conjurations
 + Level 9.3 Hexes
 - Level 5.2 Fire Magic


You had 2 spell levels left.
You knew the following spells:

 Your Spells              Type           Power        Failure   Level  Hunger
a - Flame Tongue          Conj/Fire      ###..        1%          1    None
b - Inner Flame           Hex/Fire       ####....     1%          3    #......
c - Conjure Flame         Conj/Fire      ###.....     1%          3    #......
d - Dazzling Spray        Conj/Hex       ####..       1%          3    #......
e - Confuse               Hex            ####....     1%          3    #......
f - Fireball              Conj/Fire      ###.......   9%          5    #####..
s - Sticky Flame          Conj/Fire      ###.....     3%          4    ###....
x - Throw Flame           Conj/Fire      ###...       1%          2    None

Your spell library contained the following spells:

 Spells                   Type           Power        Failure   Level  Hunger
 Static Discharge         Conj/Air       ##......     3%          3    #......
 Corona                   Hex            ####...      1%          1    None
 Ensorcelled Hibernation  Hex/Ice        ###...       2%          2    None
 Tukima's Dance           Hex            ####....     1%          3    #......


Dungeon Overview and Level Annotations

Branches:
Dungeon (9/15)             Temple (1/1) D:5         Ossuary (visited)
   Lair: D:8-11         Orc: D:9-12

Altars:
Ashenzari
Cheibriados
Dithmenos
Elyvilon
Fedhas
Gozag
Hepliaklqana
Kikubaaqudgha
Makhleb
Nemelex Xobeh
Okawaru
Qazlal
Ru
Sif Muna
Trog
Uskayaw
Vehumet
Wu Jian
Xom
Yredelemnul
Zin
The Shining One

Shops:
D:5 ?

Annotations:
D:9 Erica


Innate Abilities, Weirdness & Mutations

You are very small and have problems with some larger weapons.
You are too small for most types of armour.
You have supernaturally acute eyesight. (SInv)
You are a herbivore.
You cover ground extremely quickly.
You need to consume almost no food.


Message History

The flame tongue hits the bullfrog!
The bullfrog burns!
You kill the bullfrog!
Vehumet accepts your kill.
You feel your power returning.
You feel your dexterity returning.
Unknown command.
Okay, then.
You see here a hound corpse.
Sorry, you're a herbivore.
There is a stone staircase leading up, spattered with blood here.
You see here 5 arrows.
Aim: an orc The puff of flame hits the orc!
You kill the orc!
Vehumet accepts your kill.
You feel your power returning.
Unknown command.
Okay, then.
You start resting.
The orc is too close now for your liking.
You now have 419 gold pieces (gained 21).
There are no items here.
There is a stone staircase leading up, spattered with blood here.
You see here 5 arrows.
You climb upwards.
There is a stone staircase leading down here.
You start resting.
Health restored: 39; MP restored: 23
There is a stone staircase leading down here.
You climb downwards.
Level annotation: Erica An orc comes into view.
It is wielding a +0 trident.
The orc wizard shouts!
The orc completely misses you. The orc misses you.
The orc wizard mumbles some strange words.
The orc wizard blinks!
The orc completely misses you.
There is a stone staircase leading up here.
Unknown command.
Aim: an orc wizard, wielding a +4 dagger of pain and wearing a +0 robe The sticky flame hits the orc wizard.
The orc wizard is covered in liquid flames!
The orc shouts! x2; The hound barks!
The adder hisses angrily.
You hear a shout! x3
The orc wizard burns!
An orc comes into view. It is wielding a +0 flail.
An orc comes into view. It is wielding a +0 mace.
The orc misses you.
The orc wizard hits you with a +4 dagger of pain.
You writhe in agony.
You take 6 damage, and have 33/39 hp.
You now have 19/23 mp.
Okay, then.
Aim: an orc, wielding a +0 trident (chance to defeat MR: 93%)
The orc is filled with an inner flame.
The orc warrior shouts!
The orc wizard burns!
The orc completely misses you. The orc misses you.
An orc comes into view.
The orc wizard casts a spell.
The orc wizard blinks!
You now have 16/23 mp.
Aim: a sky beast (chance to defeat MR: 65%)
The sky beast struggles to resist.
The orc wizard burns!
You kill the orc wizard!
Vehumet accepts your kill.
You feel your power returning. The orc hits you with a +0 dagger.
The orc hits you with a +0 mace.
The orc hits you from afar with a +0 trident.
The orc wizard barely misses you. The sky beast closely misses you.
You take 12 damage, and have 22/39 hp.
MASSIVE DAMAGE!!
Unknown command.
Okay, then.
The mass of ice explodes!
The iceblast engulfs the hound!
The iceblast engulfs the orc!
You kill the orc!
Vehumet accepts your kill.
You hear a shout! x3
The orc wizard mumbles some strange words.
The orc wizard blinks!
The orc completely misses you.
The orc hits you from afar with a +0 trident.
The orc wizard sings a few bars from the Orcish anthem.
The orc wizard mumbles some strange words.
The orc wizard seems to speed up.
The sky beast barely misses you.
Unknown command.
You take 3 damage, and have 19/39 hp.
Unknown command.
Unknown command.
Okay, then.
Unknown command.
Okay, then.
The hound bites you.
The orc wizard hits you but does no damage.
The orc completely misses you. The adder bites you.
You are poisoned.
The adder poisons you! The orc hits you with a +0 mace.
* * * LOW HITPOINT WARNING * * *
The sky beast closely misses you.
The orc hits you from afar with a +0 trident!
* * * LOW HITPOINT WARNING * * *
The hound bites you.
You die...

#.....#
#.....#
#.o(..#
#..oo.#
#..o..#
#...o.#
#o....#
#.SYo.#
#..@o.#
#.)ho.#
#.(...#
#.....#
#.....#
#..>.[#
#..<..#
#.....#
#...[.#


You could see 2 orc warriors, a sky beast, a hound, an orc wizard, an adder and
6 orcs.

Vanquished Creatures
  A two-headed ogre (D:8)
  Sigmund (D:6)
  A hungry ghost (D:8)
  5 orc warriors
  A black bear (D:7)
  A sky beast (D:5)
  2 ogres
  4 centaurs
  A big kobold (D:7)
  A bullfrog (D:9)
  3 water moccasin zombies (Ossuary)
  4 wights (D:4)
  2 crimson imps
  2 jellies
  3 hounds
  An orc priest (D:5)
  5 orc wizards
  Natasha (thrice) (D:3)
  A centaur skeleton (D:8)
  3 worker ants
  2 iguanas
  5 big kobold zombies (Ossuary)
  A hound zombie (D:5)
  2 mummies (Ossuary)
  7 adders
  4 adder zombies
  5 worms
  4 dart slugs
  27 orcs
  A ball python (D:1)
  6 bats
  3 giant cockroaches
  2 gnoll zombies (Ossuary)
  5 goblins
  6 hobgoblins
  21 jackals
  13 kobolds
  4 quokkas
  A frilled lizard (D:4)
  4 hobgoblin zombies (Ossuary)
  9 kobold zombies (Ossuary)
  2 orc zombies (Ossuary)
  11 rats
190 creatures vanquished.

Notes
Turn   | Place    | Note
-------+----------+-------------------------------------------
     0 | D:1      | Charmandara the Spriggan Fire Elementalist began the quest
                  | for the Orb.
     0 | D:1      | Reached XP level 1. HP: 9/9 MP: 5/5
     2 | D:1      | Noticed a spriggan
     4 | D:1      | Noticed a ghoul
     4 | D:1      | Noticed a minotaur
     6 | D:1      | Noticed a merfolk
     6 | D:1      | Noticed a dwarf
     8 | D:1      | Noticed a centaur
     8 | D:1      | Noticed a halfling
    10 | D:1      | Noticed an octopode
    10 | D:1      | Noticed a naga
    12 | D:1      | Noticed a troll
    12 | D:1      | Noticed a vine stalker
    14 | D:1      | Noticed a demonspawn
    14 | D:1      | Noticed a tengu
    16 | D:1      | Noticed an elf
    16 | D:1      | Noticed a draconian
    18 | D:1      | Noticed a vampire
    23 | D:1      | Noticed a felid
    23 | D:1      | Noticed a formicid
    25 | D:1      | Noticed a human
    25 | D:1      | Noticed an ogre
    27 | D:1      | Noticed a demigod
    27 | D:1      | Noticed a gargoyle
    42 | D:1      | Reached skill level 1 in Conjurations
    72 | D:1      | Reached skill level 3 in Spellcasting
   133 | D:1      | Reached XP level 2. HP: 13/13 MP: 5/7
   208 | D:1      | Learned a level 2 spell: Throw Flame
   991 | D:2      | Reached skill level 4 in Spellcasting
  1204 | D:2      | Reached XP level 3. HP: 16/16 MP: 5/9
  1405 | D:2      | Learned a level 3 spell: Conjure Flame
  1409 | D:2      | Learned a level 3 spell: Inner Flame
  1532 | D:2      | Found a faded altar of an unknown god.
  1697 | D:2      | Became a worshipper of the Shining One
  1697 | D:2      | Reached * piety under the Shining One
  2138 | D:3      | Reached skill level 2 in Conjurations
  2416 | D:3      | Noticed Natasha
  2428 | D:3      | Killed Natasha
  2428 | D:3      | Reached XP level 4. HP: 6/21 MP: 3/11
  2482 | D:3      | Noticed Natasha
  2670 | D:3      | Killed Natasha
  2670 | D:3      | Reached skill level 5 in Spellcasting
  2675 | D:3      | HP: 5/21 [hobgoblin/+0 club (7)]
  2887 | D:3      | Noticed Natasha
  2887 | D:3      | Reached ** piety under the Shining One
  2893 | D:3      | Killed Natasha
  2893 | D:3      | Reached XP level 5. HP: 11/24 MP: 9/14
  2951 | D:3      | Learned a level 4 spell: Sticky Flame
  2955 | D:3      | Learned a level 3 spell: Inner Flame
  3299 | D:3      | Found an iron altar of Okawaru.
  3483 | D:4      | Noticed an ogre
  3488 | D:4      | Killed an ogre
  3488 | D:4      | Reached skill level 6 in Spellcasting
  3636 | D:4      | Reached XP level 6. HP: 28/28 MP: 8/16
  3661 | D:4      | Found a stormy altar of Qazlal.
  3661 | D:4      | Noticed a water elemental
  3665 | D:4      | Noticed an air elemental
  3665 | D:4      | Noticed a fire elemental
  3851 | D:4      | Reached skill level 7 in Spellcasting
  4073 | D:4      | Reached skill level 8 in Spellcasting
  4372 | D:4      | Learned a level 5 spell: Fireball
  4382 | D:5      | Entered Level 5 of the Dungeon
  4427 | D:5      | Reached skill level 3 in Fire Magic
  4427 | D:5      | Reached XP level 7. HP: 19/32 MP: 13/19
  4587 | D:5      | Found a shimmering blue altar of Sif Muna.
  4592 | D:5      | Found a burning altar of Makhleb.
  4599 | D:5      | Found a white marble altar of Elyvilon.
  4824 | D:5      | Found Ihosiova's Magic Scroll Shoppe.
  4888 | D:5      | Reached skill level 3 in Conjurations
  4917 | D:5      | Reached *** piety under the Shining One
  4938 | D:5      | Found a staircase to the Ecumenical Temple.
  4947 | Temple   | Entered the Ecumenical Temple
  4985 | Temple   | Fell from the grace of the Shining One
  4985 | Temple   | Became a worshipper of Vehumet
  5386 | D:6      | Reached skill level 4 in Fire Magic
  5391 | D:6      | Reached XP level 8. HP: 27/36 MP: 2/21
  5458 | D:6      | Found a sacrificial altar of Ru.
  5461 | D:6      | Found a stormy altar of Qazlal.
  5559 | D:6      | Reached skill level 4 in Conjurations
  5812 | D:6      | Found a sand-covered staircase.
  5822 | Ossuary  | Entered an ossuary
  5897 | Ossuary  | Reached * piety under Vehumet
  5897 | Ossuary  | Offered knowledge of Magic Dart by Vehumet.
  6164 | Ossuary  | Reached skill level 9 in Spellcasting
  6634 | D:6      | Noticed Sigmund
  6644 | D:6      | Killed Sigmund
  6644 | D:6      | Reached skill level 5 in Fire Magic
  6828 | D:6      | Noticed a moth of wrath
  6831 | D:6      | Found a bloodstained altar of Trog.
  6966 | D:6      | Offered knowledge of Throw Frost by Vehumet.
  7011 | D:7      | Reached ** piety under Vehumet
  7040 | D:7      | Found a blossoming altar of Fedhas.
  7141 | D:7      | Reached skill level 5 in Conjurations
  7823 | D:7      | Learned a level 3 spell: Dazzling Spray
  7827 | D:7      | Learned a level 3 spell: Confuse
  8124 | D:8      | Reached skill level 1 in Hexes
  8143 | D:8      | Found a bloodstained altar of Trog.
  8174 | D:8      | Reached skill level 2 in Hexes
  8174 | D:8      | Reached XP level 9. HP: 39/39 MP: 19/23
  8199 | D:8      | Noticed a two-headed ogre
  8210 | D:8      | HP: 8/39 [two-headed ogre/+0 giant spiked club (31)]
  8220 | D:8      | Killed a two-headed ogre
  8220 | D:8      | Reached skill level 6 in Hexes
  8496 | D:8      | Found a shadowy altar of Dithmenos.
  8501 | D:8      | Offered knowledge of Static Discharge by Vehumet.
  8525 | D:8      | Reached skill level 7 in Hexes
  9015 | D:9      | Reached *** piety under Vehumet
  9015 | D:9      | Reached skill level 8 in Hexes
  9199 | D:9      | HP: 4/39 [centaur/arrow (12)]
  9209 | D:9      | Noticed Erica
  9220 | D:9      | HP: 7/58 [orc warrior/+0 dire flail (14)]
  9225 | D:9      | HP: 7/39 [Erica/+1 scimitar of flaming (9)]
  9538 | D:9      | Reached skill level 9 in Hexes
  9670 | D:9      | HP: 3/39 [orc/+0 trident (7)]
  9670 | D:9      | Slain by a hound

Levels and vault maps discovered:
D:1:      kb_arrival_jail, layout_basic, minivault_11
D:2:      layout_loops_ring, chequers_ecumenical_altar_grove
D:3:      layout_basic, first_ration, okawaru_ov_weapons_minmay, uniq_natasha
D:4:      layout_basic, nicolae_qazlal_style_of_elements
D:5:      layout_rooms, minmay_overflow_temple_star_quad,
          minmay_temple_entry_poolview, serial_shops, shop
D:6:      layout_gridville, nicolae_overflow_hidden_temple,
          lightli_ossuary_entry_decrepit_ruins, tgw_trog, uniq_sigmund
D:7:      layout_gridville, fedhas_altar_3
D:8:      layout_basic, kennysheep_mini_moat, basic_altar
D:9:      layout_cross, dpeg_oklobed_lair, hiddenorc2_lemuel, uniq_erica
Temple:   nicolae_temple_x_marks_the_god

Skill      XL: |  1  2  3  4  5  6  7  8  9 |
---------------+----------------------------+-----
Conjurations   | 1 2 3 5 |  5.3
Spellcasting   | 3 4 5 6 8 9 |  9.2
Fire Magic     | 3 4 5 |  5.2
Hexes          | 2 9 |  9.3
Dodging        | |  3.0
Stealth        | |  3.0

Action                   |  1- 3 |  4- 6 |  7- 9 || total
-------------------------+-------+-------+-------++-------
Melee: Short sword       |    45 |       |       ||    45
       Dagger            |       |     3 |   123 ||   126
 Cast: Flame Tongue      |    70 |    91 |   231 ||   392
       Throw Flame       |     7 |     1 |    11 ||    19
       Conjure Flame     |       |     4 |     3 ||     7
       Sticky Flame      |       |       |    22 ||    22
       Confuse           |       |       |     7 ||     7
       Inner Flame       |       |       |     6 ||     6
       Dazzling Spray    |       |       |     4 ||     4
       Fireball          |       |       |     1 ||     1
Evoke: Wand              |       |       |     6 ||     6
  Use: Scroll            |       |    10 |    13 ||    23
       Potion            |       |       |     9 ||     9
 Stab: Sleeping          |       |       |     3 ||     3
       Confused          |       |       |     1 ||     1
       Invisible         |       |       |     1 ||     1
  Eat: Ration            |       |     1 |     6 ||     7
Armor: Robe              |     8 |     2 |     9 ||    19
       Skin              |       |       |    46 ||    46
Dodge: Dodged            |   114 |    47 |   263 ||   424

Levels and vault maps discovered:
D:1:      kb_arrival_jail, layout_basic, minivault_11
D:2:      layout_loops_ring, chequers_ecumenical_altar_grove
D:3:      layout_basic, first_ration, okawaru_ov_weapons_minmay, uniq_natasha
D:4:      layout_basic, nicolae_qazlal_style_of_elements
D:5:      layout_rooms, minmay_overflow_temple_star_quad,
          minmay_temple_entry_poolview, serial_shops, shop
D:6:      layout_gridville, nicolae_overflow_hidden_temple,
          lightli_ossuary_entry_decrepit_ruins, tgw_trog, uniq_sigmund
D:7:      layout_gridville, fedhas_altar_3
D:8:      layout_basic, kennysheep_mini_moat, basic_altar
D:9:      layout_cross, dpeg_oklobed_lair, hiddenorc2_lemuel, uniq_erica
Temple:   nicolae_temple_x_marks_the_god

Table legend:
 A = Turns spent in this place as a percentage of turns spent in the entire game.
 B = Non-inter-level travel turns spent in this place as a percentage of non-inter-level travel turns spent in the entire game.
 C = Inter-level travel turns spent in this place as a percentage of turns spent in this place.
 D = Turns resting spent in this place as a percentage of non-inter-level travel turns spent in this place.
 E = Turns spent auto-exploring this place as a percentage of non-inter-level travel turns spent in this place.
 F = Non-inter-level travel turns spent in this place divided by the number of levels of this place that you've seen.
                   A       B       C       D       E      F
               +-------+-------+-------+-------+-------+----------------------
         Total | 100.0 | 100.0 |   4.3 |  37.4 |  41.1 | 841.0
       Dungeon |  92.2 |  91.9 |   4.6 |  35.1 |  44.5 | 944.8
        Temple |   0.5 |   0.4 |  18.4 |   0.0 |   0.0 |  40.0
       Ossuary |   7.3 |   7.7 |   0.0 |  67.1 |   3.2 | 708.0
               +-------+-------+-------+-------+-------+----------------------

Table legend:
 A = Kills in this place as a percentage of kills in entire the game.
 B = Kills by you in this place as a percentage of kills by you in the entire game.
 C = Kills by friends in this place as a percentage of kills by friends in the entire game.
 D = Other kills in this place as a percentage of other kills in the entire game.
 E = Experience gained in this place as a percentage of experience gained in the entire game.
 F = Experience gained in this place divided by the number of levels of this place that you have seen.
                   A       B       C       D       E      F
               +-------+-------+-------+-------+-------+----------------------
         Total | 100.0 | 100.0 |   N/A | 100.0 | 100.0 | 451.2
       Dungeon |  84.2 |  84.0 |   N/A | 100.0 |  91.1 | 502.6
       Ossuary |  15.8 |  16.0 |   N/A |   0.0 |   8.9 | 440.0
               +-------+-------+-------+-------+-------+----------------------
